 Dungeon Crawl Stone Soup version 0.30.0-5-g1a98f26d00 (webtiles) character file.

Game seed: 5465749994091446884

483 Gabide the Trooper (level 7, 0/75 HPs)
             Began as an Ogre Gladiator on May 11, 2023.
             Was a Follower of Elyvilon.
             Slain by a scorpion (3 damage)
             ... on level 7 of the Dungeon.
             The game lasted 00:07:02 (3005 turns).

Gabide the Trooper (Ogre Gladiator)                 Turns: 3005, Time: 00:07:02

Health: 0/75       AC:  5    Str: 20 (21) XL:     7   Next: 12%
Magic:  8/8        EV: 10    Int:  9      God:    Elyvilon [*.....]
Gold:   202        SH:  0    Dex:  8 (10) Spells: 6/6 levels left

rFire   . . .        a - +0 flail
rCold   . . .        (no shield)
rNeg    . . .        b - +0 robe
rPois   .            c - +2 hat
rElec   .            (no cloak)
rCorr   .            (gloves unavailable)
SInv    .            (boots unavailable)
Will    +....        (no amulet)
Stlth   +            h - ring "Iliatirgh" {Fly Will+}
HPRegen 0.32/turn    (no ring)
MPRegen 0.11/turn

%: no passive effects
@: flying
A: large, unfitting armour, tough skin 1
a: Renounce Religion, Purification


You were on level 7 of the Dungeon.
You worshipped Elyvilon.
Elyvilon was aware of your devotion.
You visited 1 branch of the dungeon, and saw 5 of its levels.
You also visited: Ossuary.

You collected 202 gold pieces.

Inventory:

Hand Weapons
 a - a +0 flail (weapon)
Armour
 b - a +0 robe (worn)
 c - a +2 hat (worn)
Jewellery
 h - the ring "Iliatirgh" (left hand) {Fly Will+}
   (You took it off a kobold on level 2 of the Dungeon)

   [ring of flight]

   Fly:       It grants you flight.
   Will:      It increases your willpower.
 t - a ring of magical power
Wands
 g - a wand of iceblast (3)
Scrolls
 k - a scroll of poison
 m - a scroll of vulnerability
 q - a scroll of fog
Potions
 l - 2 potions of flight
 o - 3 potions of mutation


   Skills:
 * Level 6.3 Fighting
 * Level 4.8 Maces & Flails
 - Level 2.0 Throwing
 + Level 3.9 Dodging
 * Level 1.8 Invocations


You had 6 spell levels left.
You didn't know any spells.
Your spell library contained the following spells:

 Spells                   Type           Power      Damage    Failure   Level
 Blink                    Tloc           0%         N/A       52%         2
 Lesser Beckoning         Tloc           0%         N/A       52%         2
 Momentum Strike          Conj/Tloc      0%         3d8       52%         2
 Sublimation of Blood     Necr           0%         N/A       52%         2
 Ignite Poison            Fire/Tmut/Pois 0%         N/A       77%         3
 Dispel Undead            Necr           0%         3d6       99%         4
 Sticky Flame             Conj/Fire      0%         2d3       99%         4
 Borgnjor's Vile Clutch   Necr/Erth      0%         N/A       100%        5
 Ignition                 Fire           0%         3d3       100%        8
 Death's Door             Necr           0%         N/A       100%        9


Dungeon Overview and Level Annotations

Branches:
Dungeon (7/15)            Ossuary (visited)
 Temple: D:4-7

Altars:
Elyvilon
Hepliaklqana
Trog

Annotations:
D:7 Joseph


Innate Abilities, Weirdness & Mutations

You are too large for most types of armour.
You have tough skin. (AC +1)


Message History

The centaur zombie is heavily damaged.
The centaur zombie hits you.
* * * LOW HITPOINT WARNING * * *
The centaur zombie barely misses you.
You sock the centaur zombie!
The centaur zombie is severely damaged.
A wyvern zombie comes into view.
The centaur zombie hits you but does no damage.
The centaur zombie barely misses you.
The centaur zombie hits you but does no damage.
The centaur zombie kicks you but does no damage.
The centaur zombie attacks as you move away!
The centaur zombie closely misses you.
The centaur zombie kicks you but does no damage.
The centaur zombie attacks as you move away!
The centaur zombie hits you.
* * * LOW HITPOINT WARNING * * *
The centaur zombie kicks you but does no damage.
There is a gate leading back out of this place here.
The centaur zombie barely misses you. The centaur zombie closely misses you.
The killer bee zombie closely misses you.
The centaur zombie closely misses you.
The centaur zombie kicks you but does no damage.
Welcome back to the Dungeon!
You hear the roar of battle.
There is an entrance to a bailey on this level.
Hurry and find it before the portal closes forever!
Level annotation: Joseph You hear the creaking of a portcullis very nearby.
Joseph shoots a sling bullet.
The sling bullet hits you! Elyvilon protects you from harm!
There is a collapsed entrance, spattered with blood here.
As you read the scroll of fog, it crumbles to dust.
The scroll dissolves into smoke.
The sleepcap releases spores at you but does no damage.
Joseph shoots a sling bullet.
The sling bullet barely misses you. The scorpion attacks as you move away!
The scorpion stings you.
* * * LOW HITPOINT WARNING * * *
The sleepcap barely misses you. The scorpion attacks as you move away!
The scorpion stings you.
You die...

#.#.....# # #.....#
+.....# #.....#####
.. #.........#
..###+####......$..#
.........#..$......#
.......<.#.§§..!(..#
.......$...§§f@####
$........§§§§s.#
.##.....§§§§..#
..##.....§§§§..#
.........#§§...#
...@.....#.....#
.........#.?...#
(........#.....#
.......?.#.....#


You could see a sleepcap and a scorpion.

Vanquished Creatures
  Grinder (D:3)
  A wyvern zombie (Ossuary)
  A centaur zombie (Ossuary)
  A jelly (D:3)
  4 mummies (Ossuary)
  2 howler monkey zombies (Ossuary)
  2 adders
  2 dart slugs (D:1)
  2 orcs (D:3)
  9 ball pythons
  7 endoplasms
  5 giant cockroaches
  3 goblins (D:1)
  3 hobgoblins (D:1)
  7 jackals
  2 quokkas
  4 bats
  A frilled lizard (D:1)
  3 kobolds
  4 rats
64 creatures vanquished.

Notes
Turn   | Place    | Note
-------+----------+-------------------------------------------
     0 | D:1      | Gabide the Ogre Gladiator began the quest for the Orb.
     0 | D:1      | Reached XP level 1. HP: 22/22 MP: 1/1
    90 | D:1      | Reached skill level 3 in Fighting
   114 | D:1      | Found a faded altar of an unknown god.
   199 | D:1      | Reached XP level 2. HP: 21/31 MP: 2/2
   352 | D:1      | Reached XP level 3. HP: 37/37 MP: 3/3
  1066 | D:2      | Got the Omnibus of the Dead
  1164 | D:2      | Reached skill level 4 in Fighting
  1282 | D:2      | Identified the ring "Iliatirgh" {Fly Will+}
  1750 | D:3      | Found a hazy altar of Hepliaklqana.
  1760 | D:3      | Reached XP level 4. HP: 21/49 MP: 4/4
  1863 | D:3      | Noticed Grinder
  1869 | D:3      | Paralysed by Grinder for 2 turns
  1890 | D:3      | Killed Grinder
  1891 | D:3      | Reached skill level 5 in Fighting
  1891 | D:3      | Reached XP level 5. HP: 44/59 MP: 5/5
  1891 | D:3      | Reached XP level 6. HP: 50/67 MP: 6/6
  1951 | D:3      | Found a bloodstained altar of Trog.
  2037 | D:3      | Found a white marble altar of Elyvilon.
  2046 | D:3      | Became a worshipper of Elyvilon the Healer
  2479 | D:3      | Reached * piety under Elyvilon
  2744 | D:4      | You are sucked into a shaft and drop 3 floors!
  2772 | D:7      | Found a sand-covered staircase.
  2780 | D:7      | Noticed Joseph
  2789 | Ossuary  | Entered an ossuary
  2830 | Ossuary  | HP: 1/67 [wyvern zombie (14)]
  2832 | Ossuary  | Elyvilon protects you from harm!
  2845 | Ossuary  | Reached skill level 6 in Fighting
  2845 | Ossuary  | Reached skill level 1 in Invocations
  2862 | Ossuary  | Reached XP level 7. HP: 22/75 MP: 6/8
  2999 | D:7      | Elyvilon protects you from harm!
  3002 | D:7      | HP: 2/75 [scorpion (4)]
  3005 | D:7      | Slain by a scorpion

Illustrated notes

Levels and vault maps discovered:
D:1:      dpeg_arrival_erosion, layout_loops_cross,
          shapermc_ecumenical_altar_flowoftime
D:2:      layout_basic, minmay_misc_feat_secret_circle, minmay_tiny_reverse_x
D:3:      layout_basic, elyvilon_altar_3, mainiacjoe_overflow_catwalk_spiral,
          hangedman_decor_growths, dk_noncrumbling_4, uniq_grinder
D:4:      layout_basic, fedhas_altar_2, grunt_temple_overflow_champion_of_chaos,
          minmay_temple_entry_junction
D:7:      layout_gridville, lemuel_tele_altar, enter_bailey_8, enter_ossuary_3,
          uniq_menkaure, uniq_duvessa, uniq_joseph

Skill      XL: |  1  2  3  4  5  6 |
---------------+-------------------+-----
Fighting       | 3 4 5 6 |  6.3
Maces & Flails | 3 4 |  4.8
Dodging        | 3 |  3.9
Invocations    | 1 |  1.8
Throwing       | |  2.0

Action                     |  1- 3 |  4- 6 |  7- 9 || total
---------------------------+-------+-------+-------++-------
  Melee: Flail             |   108 |    81 |    28 ||   217
         Punch             |     1 |     1 |       ||     2
  Throw: Throwing net      |     3 |     6 |       ||     9
         Large rock        |     2 |     3 |       ||     5
  Evoke: Wand              |       |     2 |       ||     2
    Use: Scroll            |     9 |     1 |     3 ||    13
         Potion            |       |     5 |       ||     5
   Stab: Held in net/web   |       |     1 |       ||     1
 Armour: Robe              |    34 |    29 |    10 ||    73
         Skin              |       |    35 |       ||    35
  Dodge: Dodged            |    73 |    50 |    23 ||   146
